 Dungeon Crawl Stone Soup version 0.19.5 (webtiles) character file.

928 Bingowings the Slasher (level 7, -4/61 HPs)
             Began as a Minotaur Berserker on Aug 27, 2017.
             Was an Elder of Trog.
             Slain by an ogre
             ... wielding a cursed +0 giant club
              (20 damage)
             ... on level 5 of the Dungeon.
             The game lasted 00:23:19 (3210 turns).

Bingowings the Slasher (Minotaur Berserker)         Turns: 3210, Time: 00:23:19

Health: -4/61      AC: 13    Str: 24    XL:     7   Next: 85%
Magic:  6/6        EV:  7    Int:  4    God:    Trog [****..]
Gold:   178        SH: 10    Dex:  9    Spells: 0 memorised, 6 levels left

rFire  . . .     SeeInvis +     a - +0 falchion
rCold  . . .     Gourm    +     e - +0 chain mail
rNeg   . . .     Faith    .     i - +0 shield
rPois  .         Spirit   .     (helmet restricted)
rElec  .         Reflect  .     o - +0 cloak
rCorr  .         Harm     .     d - +0 pair of gloves
MR     .....                    s - +0 pair of boots (curse)
Stlth  ..........               l - amulet of the gourmand
                                (no ring)
                                u - ring of see invisible

@: lethally poisoned (-4 -> -4)
A: retaliatory headbutt, horns 2
a: Berserk, Trog's Hand, Brothers in Arms, Burn Spellbooks, Renounce Religion


You were on level 5 of the Dungeon.
You worshipped Trog.
Trog was greatly pleased with you.
You were not hungry.

You visited 1 branch of the dungeon, and saw 5 of its levels.

You collected 178 gold pieces.

Inventory:

Hand Weapons
 a - a +0 falchion (weapon)
Missiles
 p - 3 tomahawks (quivered)
Armour
 d - a +0 pair of gloves (worn)
 e - a +0 chain mail (worn)
 i - a +0 shield (worn)
 o - a +0 cloak (worn)
 s - a cursed +0 pair of boots (worn)
Jewellery
 l - an amulet of the gourmand (around neck)
 u - a ring of see invisible (left hand)
 x - an uncursed ring of positive energy {unknown}
 y - an uncursed ring of positive energy {unknown}
Wands
 z - a wand of paralysis (12/24)
 C - a wand of random effects (32/48)
Scrolls
 b - 2 scrolls of magic mapping
 h - 2 scrolls of recharging
 v - 2 scrolls of teleportation
 w - a scroll of fog
 B - a scroll of identify
Potions
 g - a potion of flight
 j - a potion of might
 k - 2 potions of mutation {unknown}
 m - a potion of heal wounds {unknown}
 n - a potion of berserk rage {unknown}
 q - a potion of agility
 r - 3 potions of curing
 t - a potion of cancellation {unknown}
Comestibles
 c - 2 bread rations
 f - 2 meat rations
 A - 3 fruits


   Skills:
 + Level 5.0 Fighting
 + Level 7.0 Long Blades
 + Level 2.4 Throwing
 + Level 5.1 Armour
 + Level 3.2 Dodging
 + Level 0.1 Stealth
 + Level 5.0 Shields


You had 6 spell levels left.
You didn't know any spells.

Dungeon Overview and Level Annotations

Branches:
Dungeon (5/15)             Temple (0/1) D:4

Altars:
Dithmenos
Elyvilon
Yredelemnul


Innate Abilities, Weirdness & Mutations

You reflexively headbutt those who attack you in melee.
You have a pair of horns on your head.


Message History

The orc wizard gestures at you while chanting.
The puff of frost hits you!
You hit the orc wizard.
You kill the orc wizard!
Trog accepts your kill.
Trog appreciates your killing of a magic user.
Your Long Blades skill increases to level 7!
You feel sick.
Things that are here:
a dagger; a robe; an orc corpse
Items here: )) [ †† a dagger; a flail; a ring mail; an orc corpse x2
You feel sick.
An ogre comes into view. It is wielding a giant club.
The ogre shouts!
Found a stone staircase leading down.
An ogre is nearby!
An ogre is nearby!
You feel sick. The ogre hits you with a giant club!!
You die...

....## ###.. ....8##
##.#. ......## ...
......8## #.#
.......+. #.#
......8#.###)#
......##..##)#
....8####.##.######.##
....##..........@O...#
8.8######..#.##.....##
#'##.......<.(+.^...>#
..#.#####..#.##.....##
.##.# #....##.....#
....#####.#..##.....#
..............#.......
##........#..##.......
##.####...##.## ).


You could see an ogre.

Vanquished Creatures
  Eustachio (D:5)
  Menkaure (D:4)
  2 ogres
  A bullfrog (D:5)
  A scorpion (D:5)
  A hound (D:4)
  A bullfrog skeleton (D:4)
  3 worker ants (D:4)
  3 orc wizards
  5 adders
  3 gnolls (D:3)
  A howler monkey skeleton (D:5)
  An ooze (D:2)
  2 worms
  3 dart slugs (D:1)
  4 leopard geckos
  6 orcs
  8 bats
  7 giant cockroaches
  10 goblins
  5 hobgoblins
  8 jackals
  10 kobolds
  3 quokkas
  2 ball pythons (D:1)
  9 frilled lizards
  2 gnoll zombies (D:2)
  A jackal skeleton (D:4)
  8 rats
112 creatures vanquished.

Vanquished Creatures (others)
  A hobgoblin (D:1)
1 creature vanquished.

Grand Total: 113 creatures vanquished

Notes
Turn   | Place    | Note
-------+----------+-------------------------------------------
     0 | D:1      | Bingowings the Minotaur Berserker began the quest for the Orb.
     0 | D:1      | Reached XP level 1. HP: 19/19 MP: 0/0
   102 | D:1      | Reached XP level 2. HP: 16/27 MP: 1/1
   309 | D:1      | Reached skill level 4 in Long Blades
   363 | D:1      | Reached XP level 3. HP: 15/33 MP: 2/2
   518 | D:1      | Reached ** piety under Trog
  1189 | D:2      | Reached skill level 1 in Shields
  1221 | D:2      | Found a basalt altar of Yredelemnul.
  1409 | D:2      | Found a shadowy altar of Dithmenos.
  1429 | D:3      | Reached XP level 4. HP: 40/40 MP: 3/3
  1800 | D:3      | Found a white marble altar of Elyvilon.
  1846 | D:3      | Reached skill level 1 in Throwing
  1848 | D:3      | Reached skill level 5 in Long Blades
  1927 | D:3      | Reached XP level 5. HP: 10/46 MP: 4/4
  2332 | D:4      | Reached *** piety under Trog
  2390 | D:4      | Found a staircase to the Ecumenical Temple.
  2402 | D:4      | Noticed Menkaure
  2408 | D:4      | Reached XP level 6. HP: 26/52 MP: 5/5
  2410 | D:4      | Killed Menkaure
  2668 | D:4      | Reached XP level 7. HP: 44/60 MP: 6/6
  2792 | D:5      | Entered Level 5 of the Dungeon
  3028 | D:5      | Reached skill level 6 in Long Blades
  3111 | D:5      | Noticed Eustachio
  3130 | D:5      | Killed Eustachio
  3130 | D:5      | Reached skill level 5 in Fighting
  3130 | D:5      | Reached skill level 5 in Armour
  3139 | D:5      | Reached **** piety under Trog
  3200 | D:5      | Reached skill level 5 in Shields
  3202 | D:5      | Reached skill level 7 in Long Blades
  3210 | D:5      | Slain by an ogre

Skill      XL: |  1  2  3  4  5  6  7 |
---------------+----------------------+-----
Fighting       | 4 5 |  5.0
Long Blades    | 4 5 7 |  7.0
Shields        | 1 2 3 5 |  5.0
Throwing       | 1 2 |  2.4
Armour         | 3 4 5 |  5.1
Dodging        | 3 |  3.2
Stealth        | |  0.1

Action                   |  1- 3 |  4- 6 |  7- 9 || total
-------------------------+-------+-------+-------++-------
Melee: Falchion          |   117 |   143 |    60 ||   320
       Headbutt          |    18 |    28 |    13 ||    59
Throw: Tomahawk          |    23 |    31 |       ||    54
Invok: Berserk           |       |     2 |       ||     2
  Use: Scroll            |     6 |     3 |     3 ||    12
  Eat: Beef jerky        |     2 |       |       ||     2
       Pizza             |     1 |     2 |       ||     3
       Bread ration      |       |     1 |       ||     1
Armor: Animal skin       |    16 |       |       ||    16
       Chain mail        |    27 |    82 |    41 ||   150
       Ring mail         |     1 |       |       ||     1
Dodge: Dodged            |    39 |    50 |    33 ||   122
Block: Shield            |    56 |    77 |    36 ||   169
       Rpst.: Falchion   |    12 |    13 |     8 ||    33
